 Dungeon Crawl Stone Soup version 0.31-a0-1376-g36f0627844 (webtiles) character file.

Game seed: 3749771798274744490

799001 joopi the Shapeless Octopus (level 27, -16/224 HPs)
             Began as an Octopode Shapeshifter on Dec 24, 2023.
             Was the Champion of Cheibriados.
             Demolished by a sun demon (28 damage)
             ... in Pandemonium.
             The game lasted 04:21:53 (79583 turns).

joopi the Shapeless Octopus (OpSh)                 Turns: 79583, Time: 04:21:53

Health: -16/224    AC: -1    Str: 44    XL:     27
Magic:  0/26       EV: 108   Int: 26    God:    Cheibriados [******]
Gold:   5728       SH:  0    Dex: 51    Spells: 22/31 levels left

rFire   + +          .
                       - Unarmed
rCold   + . .        (shield currently unavailable)
rNeg    + . .        (helmet currently unavailable)
rPois   ∞            q - amulet of the Dolphin {Spirit +Inv rF+ Int+2}
rElec   +            i - +5 ring of evasion
rCorr   +            r - +5 ring of evasion
SInv    +            v - ring "Laubeunoi" {Int+2 Dex+6}
Will    ++...        N - ring "Ucoetoh" {rC+ Str+6 Int-2 Dex+6}
Stlth   +++++        G - +5 ring of evasion
HPRegen 0.57/turn    R - ring of Vugin {rN+ Str+2 Int-4 Slay+3 SInv}
MPRegen 0.20/turn    Y - ring of Sorazub {rPois rF+ rCorr Dex+3 Slay+2}
                     x - ring of Janoiduh {rElec rPois Str+2 Int+2}

%: guardian spirit
@: storm-form, corroded, flying, studying 3 skills, very slow
A: cleaving, insubstantial, flying, almost no armour, amphibious, 8 rings,
(camouflage 1), (gelatinous body 1), (nimble swimmer 1), (tentacles),
(iridescent scales 1), dopey 1, strong 1, subdued magic 1
}: 6/15 runes: decaying, serpentine, silver, abyssal, demonic, dark
a: Blinkbolt, Begin Untransformation, Renounce Religion, Evoke Invisibility,
Bend Time, Temporal Distortion, Slouch, Step From Time


You were in Pandemonium.
You worshipped Cheibriados.
Cheibriados was exalted by your worship.
You were a lightning-filled tempest!
You visited 10 branches of the dungeon, and saw 46 of its levels.
You visited Pandemonium 2 times, and saw 16 of its levels.
You visited the Abyss 5 times.
You visited 1 bazaar.
You also visited: Trove and Gauntlet.

You collected 8551 gold pieces.
You spent 2823 gold pieces at shops.

Inventory:

Jewellery
 d - a ring of willpower
 e - a +6 ring of dexterity
 i - a +5 ring of evasion (left tentacle)
 p - a ring of protection from fire
 q - the amulet of the Dolphin (around neck) {Spirit +Inv rF+ Int+2}
   (You found it on level 9 of the Dungeon)

   [amulet of guardian spirit]

   Spirit:    It causes incoming damage to be divided between your reserves of
   health and magic.
   Int+2:     It affects your intelligence (+2).
   rF+:       It protects you from fire.
   +Inv:      It lets you turn invisible.
 r - a +5 ring of evasion (right tentacle)
 v - the ring "Laubeunoi" (on tentacle) {Int+2 Dex+6}
   (You took it off a tengu reaver on level 5 of the Vaults)

   [ring of dexterity]

   Int+2:     It affects your intelligence (+2).
   Dex+6:     It affects your dexterity (+6).
 x - the ring of Janoiduh (on tentacle) {rElec rPois Str+2 Int+2}
   (You found it in a Gauntlet)

   [ring of poison resistance]

   Str+2:     It affects your strength (+2).
   Int+2:     It affects your intelligence (+2).
   rElec:     It insulates you from electricity.
   rPois:     It protects you from poison
 B - a ring of protection from cold
 F - a +6 ring of strength
 G - a +5 ring of evasion (on tentacle)
 H - an amulet of reflection
 K - a +5 ring of evasion
 N - the ring "Ucoetoh" (on tentacle) {rC+ Str+6 Int-2 Dex+6}
   (You found it in Pandemonium)

   [ring of dexterity]

   Str+6:     It affects your strength (+6).
   Int-2:     It affects your intelligence (-2).
   Dex+6:     It affects your dexterity (+6).
   rC+:       It protects you from cold.
 R - the ring of Vugin (on tentacle) {rN+ Str+2 Int-4 Slay+3 SInv}
   (You bought it in a shop on level 3 of the Elven Halls)

   [ring of positive energy]

   Str+2:     It affects your strength (+2).
   Int-4:     It affects your intelligence (-4).
   Slay+3:    It affects your accuracy & damage with ranged weapons and melee
   (+3).
   rN+:       It protects you from negative energy.
   SInv:      It lets you see invisible.
 S - a ring of willpower
 T - a ring of willpower
 Y - the ring of Sorazub (on tentacle) {rPois rF+ rCorr Dex+3 Slay+2}
   (You found it in Pandemonium)

   [ring of poison resistance]

   Dex+3:     It affects your dexterity (+3).
   Slay+2:    It affects your accuracy & damage with ranged weapons and melee
   (+2).
   rF+:       It protects you from fire.
   rPois:     It protects you from poison rCorr: It protects you from acid and
   corrosion.
Talismans
 E - a storm talisman (active)
 P - a dragon-blood talisman
Wands
 c - a wand of digging (18)
 h - a wand of mindburst (9)
 o - a wand of acid (66)
 w - a wand of polymorph (17)
 J - a wand of iceblast (63)
 Q - a wand of paralysis (73)
Scrolls
 a - 3 scrolls of summoning
 b - 5 scrolls of torment
 g - 20 scrolls of teleportation (quivered)
 t - 11 scrolls of enchant weapon
 y - 5 scrolls of fog
 A - 4 scrolls of amnesia
 I - 11 scrolls of revelation
 V - 4 scrolls of fear
 X - 33 scrolls of identify
Potions
 f - 13 potions of enlightenment
 j - 3 potions of magic {unknown}
 k - 2 potions of lignification
 l - 9 potions of mutation
 n - 7 potions of resistance
 s - 3 potions of might
 z - 10 potions of attraction
 D - a potion of experience {unknown}
 L - a potion of haste
 M - 5 potions of cancellation
 U - 9 potions of brilliance
 W - 6 potions of curing
 Z - 4 potions of invisibility
Miscellaneous
 m - a condenser vane
 O - a phantom mirror


   Skills:
 O Level 27 Fighting
 O Level 27 Dodging
 + Level 4.2 Stealth
 O Level 27 Unarmed Combat
 + Level 2.5 Spellcasting
 + Level 3.1 Conjurations
 + Level 4.1 Air Magic
 + Level 0.4 Invocations
 O Level 27 Shapeshifting


You had 22 spell levels left.
You knew the following spells:

 Your Spells              Type           Power      Damage    Failure   Level
a - Chain Lightning       Conj/Air       8%         3d11      100%        9

Your spell library contained the following spells:

 Spells                   Type           Power      Damage    Failure   Level
 Shock                    Conj/Air       68%        1d7       1%          1
 Foxfire                  Conj/Fire      32%        2x1d5     4%          1
 Swiftness                Air            19%        N/A       4%          3
 Cigotuvi's Dreadful Rot  Necr/Alch/Air  16%        N/A       7%          2
 Apportation              Tloc           4%         N/A       8%          1
 Necrotise                Necr           8%         1d4       8%          1
 Mephitic Cloud           Conj/Alch/Air  12%        N/A       9%          3
 Call Imp                 Summ           4%         N/A       13%         2
 Ensorcelled Hibernation  Hex/Ice        4%         N/A       13%         2
 Jinxbite                 Hex            4%         N/A       13%         2
 Lesser Beckoning         Tloc           4%         N/A       13%         2
 Passwall                 Alch/Erth      1%         N/A       13%         2
 Scorch                   Fire           4%         2d5       13%         2
 Dazzling Flash           Conj/Hex       16%        N/A       13%         3
 Hailstorm                Conj/Ice       8%         3d5       13%         3
 Airstrike                Air            9%         2d(2-18)  16%         4
 Call Canine Familiar     Summ           2%         N/A       26%         3
 Frozen Ramparts          Ice            4%         1d1       26%         3
 Fugue of the Fallen      Necr           2%         N/A       26%         3
 Gell's Gravitas          Tloc           2%         N/A       26%         3
 Inner Flame              Hex/Fire       2%         N/A       26%         3
 Ozocubu's Armour         Ice            2%         N/A       26%         3
 Sigil of Binding         Hex            2%         N/A       26%         3
 Summon Guardian Golem    Hex/Summ       2%         N/A       26%         3
 Teleport Other           Tloc           2%         N/A       26%         3
 Tukima's Dance           Hex            2%         N/A       26%         3
 Vampiric Draining        Necr           2%         2d6       26%         3
 Volatile Blastmotes      Fire/Tloc      4%         2d10      26%         3
 Summon Lightning Spire   Summ/Air       10%        N/A       34%         4
 Vhi's Electric Charge    Tloc/Air       20%        N/A       34%         4
 Flame Wave               Conj/Fire      8%         2d5       41%         4
 Fulminant Prism          Conj/Alch      4%         3d5       41%         4
 Iskenderun's Mystic Bla  Conj/Tloc      8%         2d4       41%         4
 Arcjolt                  Conj/Air       8%         1d18      47%         5
 Anguish                  Hex/Necr       1%         N/A       65%         4
 Animate Dead             Necr           2%         N/A       65%         4
 Cause Fear               Hex            1%         N/A       65%         4
 Dimensional Bullseye     Hex/Tloc       1%         N/A       65%         4
 Dispel Undead            Necr           2%         3d7       65%         4
 Ignite Poison            Fire/Alch      2%         N/A       65%         4
 Leda's Liquefaction      Alch/Erth      1%         N/A       65%         4
 Manifold Assault         Tloc           2%         N/A       65%         4
 Olgreb's Toxic Radiance  Alch           2%         N/A       65%         4
 Passage of Golubria      Tloc           2%         N/A       65%         4
 Petrify                  Alch/Erth      2%         N/A       65%         4
 Sticky Flame             Fire/Alch      2%         2d4       65%         4
 Summon Ice Beast         Ice/Summ       2%         N/A       65%         4
 Freezing Cloud           Conj/Ice/Air   6%         6-21      67%         5
 Silence                  Hex/Air        5%         N/A       71%         5
 Irradiate                Conj/Alch      4%         3d13      78%         5
 Agony                    Necr           2%         N/A       94%         5
 Alistair's Intoxication  Alch           1%         N/A       94%         5
 Borgnjor's Vile Clutch   Necr/Erth      1%         N/A       94%         5
 Lee's Rapid Deconstruct  Erth           1%         3d4*      94%         5
 Metabolic Englaciation   Hex/Ice        1%         N/A       94%         5
 Summon Forest            Summ/Tloc      1%         N/A       94%         5
 Summon Mana Viper        Hex/Summ       2%         N/A       94%         5
 Yara's Violent Unravell  Hex/Alch       1%         3d3       94%         5
 Plasma Beam              Fire/Air       5%         2x1d15    99%         6
 Bombard                  Conj/Erth      4%         9d2       100%        6
 Death Channel            Necr           1%         N/A       100%        6
 Eringya's Noxious Bog    Alch           1%         4d6       100%        6
 Simulacrum               Ice/Necr       1%         N/A       100%        6
 Starburst                Conj/Fire      4%         6d3       100%        6
 Summon Cactus Giant      Summ           1%         N/A       100%        6
 Enfeeble                 Hex            1%         N/A       100%        7
 Haunt                    Necr/Summ      1%         N/A       100%        7
 Monstrous Menagerie      Summ           1%         N/A       100%        7
 Orb of Destruction       Conj           7%         9d6       100%        7
 Ozocubu's Refrigeration  Ice            1%         4d7       100%        7
 Spellforged Servitor     Conj/Summ      4%         N/A       100%        7
 Summon Hydra             Summ           1%         N/A       100%        7
 Borgnjor's Revivificati  Necr           1%         N/A       100%        8
 Ignition                 Fire           1%         3d3       100%        8
 Infestation              Necr           1%         N/A       100%        8
 Maxwell's Capacitive Co  Air            9%         ∞         100%        8
 Death's Door             Necr           1%         N/A       100%        9
 Fire Storm               Conj/Fire      4%         8d1       100%        9
 Polar Vortex             Ice            1%         N/A       100%        9
 Shatter                  Erth           1%         3d5*      100%        9
 Sublimation of Blood     Necr           Unusable   N/A       N/A         2
 Animate Armour           Summ/Erth      Unusable   N/A       N/A         4

Dungeon Overview and Level Annotations

Branches:
Dungeon (15/15)            Temple (1/1) D:7            Lair (5/5) D:8
  Swamp (4/4) Lair:2        Snake (4/4) Lair:2        Slime (0/5) Lair:5
    Orc (2/2) D:10            Elf (3/3) Orc:2        Vaults (5/5) D:14
  Crypt (3/3) Vaults:2       Tomb (0/3) Crypt:3      Depths (4/4) D:15
    Zot (0/5) Depths:4    Gauntlet (visited)

Altars:
Ashenzari
Cheibriados
Dithmenos
Elyvilon
Fedhas
Gozag
Hepliaklqana
Kikubaaqudgha
Makhleb
Nemelex Xobeh
Okawaru
Qazlal
Ru
Sif Muna
Trog
Uskayaw
Vehumet
Wu Jian
Xom
Yredelemnul
Zin
The Shining One
Jiyva
Lugonu

Shops:
Orc:2 (*?*?   Elf:1 *[*   Elf:3 !::=   Snake:1 *   Snake:3 ((   Snake:4 *[
Vaults:1 ((**

Portals:
Hell: Depths:1 Depths:2 Depths:3 Depths:4
Abyss: Depths:3
Pandemonium: Depths:2 Depths:4
Ziggurat: Depths:2


Innate Abilities, Weirdness & Mutations

You are a lightning-filled tempest!
Your electrical attacks strike out in all directions at once.
You are incredibly evasive.
Your insubstantial body is immune to petrification, constriction, and being set on fire You are flying.
Your armour is entirely melded.
You are incapable of wielding weapons or throwing items.
You cannot wear most types of armour.
You are amphibious.
You can wear up to eight rings at the same time.
You are immune to poison.
((Your skin changes colour to match your surroundings (Stealth+).))
((Your rubbery body absorbs attacks. (AC +1, EV +1)))
((You are camouflaged when in or above water. (Stealth+)))
((You have tentacles for arms and can constrict up to eight enemies at once.))
((You are partially covered in iridescent scales. (AC +2)))
You are dopey. (Int -2)
Your muscles are strong. (Str +4, Int/Dex -1)
Your spells are a little easier to cast, but a little less powerful.


Message History

A reaper comes into view. It is wielding a +1 heavy scythe.
The ufetubus disappears in a puff of smoke!
The ynoxinul gestures.
The +2 demon blade of distortion completely misses you.
The blizzard demon waves its arms in wide circles.
The air twists around and strikes you!!
* * * LOW HITPOINT WARNING * * *
The +2 demon blade of distortion misses you.
A chaos spawn comes into view.
The rakshasa weaves an illusion.
The sun demon completely misses you.
Items here: $ )) [.
The +2 demon blade of distortion completely misses you. x2
The blizzard demon waves its arms in wide circles.
The air twists around and strikes you!
* * * LOW HITPOINT WARNING * * *
The +2 demon blade of distortion hits you!
* * * LOW HITPOINT WARNING * * *
Space warps around you.
* * * LOW HITPOINT WARNING * * *
The sun demon misses you.
The blizzard demon waves its arms in wide circles.
The air twists around and strikes you!!
* * * LOW HITPOINT WARNING * * *
You feel much better.
The +2 demon blade of distortion completely misses you.
The Brimstone Fiend calls on the powers of darkness!
Your body is wracked with pain!
* * * LOW HITPOINT WARNING * * *
The sun demon completely misses you. The reaper completely misses you.
The +2 demon blade of distortion completely misses you.
The blizzard demon waves its arms in wide circles.
The air twists around and strikes you!
* * * LOW HITPOINT WARNING * * *
A soul eater comes into view.
You feel better.
The +2 demon blade of distortion completely misses you.
The sun demon hits you!!
You die...
Xom roars with laughter!

.............p.t.......5..
...........)...4..........
........∩)..)..e...8......
............)..§.312R.5...
..............)§3345§.§55.
#################62#......
# # #.!.#.2#.5555. #
#...#...#(1# ..... .
........v35# ..... #
############ ####


You could see a Hell Sentinel (summoned, strong), a Brimstone Fiend (fast), a
demonspawn blood saint (summoned), a reaper (strong), 2 blizzard demons, a
rakshasa (resistant), a soul eater (resistant), a sun demon (agile), an orange
demon (agile), a ynoxinul (summoned, fast), a +2 demon blade of distortion
(resistant) and 2 ufetubi.

Vanquished Creatures
  Gloorx Vloq (Pan)
  2 dread liches
  Frederick (Crypt:2)
  2 ancient liches
  Mara (Vaults:5)
  A juggernaut (Depths:2)
  Mennas (Crypt:2)
  The ghost of Atiunar the Hawkeye, a master TrDe of Gozag (Depths:1)
  Xtahua (Vaults:5)
  The ghost of Utoppaes the Warrior, a veteran GrFi of the Shining One (Crypt:1)
  Boris (thrice) (Vaults:2 Vaults:3 Depths:2)
  Josephina (Depths:3)
  Bai Suzhen (Snake:4)
  Saint Roka (Orc:2)
  12 pandemonium lords (Pan)
  3 golden dragons
  Jory (Crypt:3)
  2 bone dragons (Abyss:3)
  3 Brimstone Fiends (Pan)
  6 Tzitzimimeh
  2 doom hounds (Crypt:2)
  2 shard shrike zombies
  Zenata (Elf:1)
  9 tentacled monstrosities
  7 Ice Fiends (Pan)
  3 liches
  2 shard shrike skeletons (Crypt:3)
  13 Hell Sentinels (Pan)
  4 titans (Vaults:5)
  2 deep elf master archers (Elf:3)
  4 walking frostbound tomes
  4 deep elf blademasters
  2 quicksilver dragons
  Asterion (Snake:1)
  5 sphinxes
  Grunn (Crypt:2)
  4 ancient champions
  34 Executioners
  17 tentacled starspawn (Abyss:3)
  9 storm dragons
  Frances (Snake:1)
  3 thorn hunters
  Agnes (Elf:1)
  Kirke (Swamp:2)
  7 shadow dragons
  9 tengu reavers
  Donald (Snake:1)
  13 demonspawn warmongers (Pan)
  A draconian monk (Depths:4)
  3 daevas
  2 revenants
  14 nagarajas
  A draconian scorcher (Depths:4)
  2 iron dragons
  9 fire giants
  8 deep elf sorcerers
  Louise (Elf:2)
  4 ghost moths (Pan)
  7 frost giants
  16 balrugs
  19 vault wardens
  22 reapers
  An orc warlord (Vaults:1)
  4 angels
  33 cacodemons
  2 juggernaut zombies (Crypt:3)
  24 very ugly things
  4 deep elf elementalists
  4 ghouls (Crypt:2)
  A draconian annihilator (Depths:4)
  A caustic shrike skeleton (Depths:1)
  4 formless jellyfish
  12 ironbound preservers
  3 spriggan defenders
  3 vampire knights
  6 curse skulls
  7 war gargoyles
  14 stone giants
  9 demonspawn blood saints (Pan)
  21 demonspawn corrupters (Pan)
  11 deep elf death magi
  8 ironbound thunderhulks
  A purple draconian (Depths:4)
  2 deep elf demonologists (Elf:3)
  A green draconian (Depths:4)
  A starflower (Abyss:3)
  10 demonspawn black suns (Pan)
  2 black draconians (Depths:4)
  An eleionoma (Swamp:3)
  29 lorocyprocas (Pan)
  5 deep elf annihilators
  2 putrid mouths (Crypt:2)
  3 white draconians
  A minotaur (Gauntlet)
  3 bunyips
  7 dire elephants
  Azrael (Snake:1)
  2 crystal guardians (Vaults:3)
  A spark wasp (Depths:2)
  A mummy priest (Crypt:3)
  7 eidola
  12 ettins
  25 green deaths
  38 blizzard demons
  A quicksilver dragon zombie (Crypt:3)
  12 fire dragons
  16 yaktaur captains
  16 jiangshi
  2 shambling mangroves (Swamp:4)
  2 entropy weavers
  7 deep elf high priests
  10 great orbs of eyes
  6 spriggan zombies
  29 hydras
  3 hell beasts
  7 salamander tyrants
  5 ice dragons
  27 vault guards
  A caustic shrike simulacrum (Depths:3)
  3 rakshasas
  4 catoblepae
  4 spriggan air magi
  12 alligators
  2 ogre magi
  2 peacekeepers (Vaults:3)
  14 ironbound frosthearts
  2 spriggan skeletons (Pan)
  12 anacondas
  13 naga warriors
  10 centaur warriors
  86 dancing weapons
  A death yak (Lair:4)
  Erica (D:11)
  5 tengu warriors
  10 two-headed ogres
  7 deep troll earth magi
  2 occultists
  6 deep troll shamans
  8 boulder beetles
  7 spriggan berserkers
  23 demonic crawlers
  5 hell hogs
  6 vampire magi
  10 shock serpents
  69 soul eaters
  7 thrashing horrors (Abyss:3)
  4 orc high priests (Orc:2)
  4 holy swine (Abyss:3)
  18 naga sharpshooters
  21 deep elf knights
  A storm dragon zombie (Depths:1)
  85 sun demons
  A fire crab (Lair:3)
  Nergalle (D:11)
  28 hell knights
  8 shadow wraiths
  13 spriggans
  16 skeletal warriors
  11 salamander mystics
  2 goliath frogs (Swamp:2)
  A skyshark (Lair:3)
  7 wretched stars (Abyss:3)
  3 iron trolls
  52 sixfirhies
  2 storm dragon skeletons (Pan)
  8 sea snakes (Snake:4)
  A death drake (Gauntlet)
  A spatial maelstrom (Abyss:3)
  21 shadow demons
  2 bunyip zombies (Crypt:3)
  14 deep elf archers
  4 bog bodies
  5 glowing orange brains
  7 spriggan druids
  34 deep trolls
  19 phantasmal warriors
  A sea snake (shapeshifter) (Vaults:5)
  An orb spider (Abyss:3)
  2 flayed ghosts
  9 naga ritualists
  16 ironbound convokers
  2 orange crystal statues
  An anaconda skeleton (Crypt:3)
  10 swamp dragons
  A steelbarb worm (shapeshifter) (Abyss:3)
  A sun moth (shapeshifter) (Vaults:5)
  A spriggan simulacrum (Crypt:1)
  A steelbarb worm (Swamp:1)
  34 starcursed masses (Abyss:3)
  An obsidian statue (Depths:1)
  22 mana vipers
  29 deep elf pyromancers
  5 orc sorcerers
  20 ugly things
  4 tengu skeletons
  A golden dragon skeleton (Depths:1)
  4 lindwurms
  21 necromancers
  2 orc knights (Vaults:1)
  3 will-o-the-wisps
  5 cyclopes
  A faun (shapeshifter) (Depths:2)
  9 deep elf zephyrmancers
  A wolf spider (Crypt:3)
  A cyclops (shapeshifter) (Depths:3)
  23 salamanders
  A shadow dragon skeleton (Vaults:5)
  A frost giant zombie (Depths:1)
  A salamander (shapeshifter) (Elf:3)
  2 manticores
  10 elephants
  4 kobold blastminers (Orc:2)
  A spectral centaur (Gauntlet)
  Maurice (D:7)
  2 rust devils
  3 worldbinders (Abyss:3)
  16 vault sentinels
  A dire elephant zombie (Crypt:3)
  2 guardian serpents (shapeshifter)
  19 naga magi
  A stone giant skeleton (Vaults:2)
  5 apocalypse crabs (Abyss:3)
  50 black mambas
  5 ice statues (Pan)
  2 centaur zombies
  An alligator snapping turtle zombie (Crypt:3)
  75 smoke demons
  13 guardian serpents
  25 orange demons
  14 cane toads
  A titan simulacrum (Crypt:1)
  2 centaur skeletons (Crypt:3)
  Maggie (D:7)
  2 efreet
  105 large abominations
  3 gargoyles
  3 unseen horrors
  4 dire elephant skeletons
  9 komodo dragons
  45 yaktaurs
  27 hellions
  A spectral redback (Gauntlet)
  9 freezing wraiths
  A tengu conjurer (Depths:4)
  14 ancient zymes (Abyss:3)
  2 alligator snapping turtle skeletons (Pan)
  A mana viper zombie (Crypt:1)
  A death yak skeleton (Crypt:2)
  2 rime drakes
  9 tormentors
  A guardian mummy (Crypt:3)
  10 ice devils
  A kobold demonologist (D:12)
  6 red devils (Pan)
  3 harpy zombies
  A silent spectre (Abyss:3)
  4 polar bears
  3 meliai (D:14)
  9 trolls
  38 hellwings
  29 blink frogs
  6 harpy skeletons
  13 hornets
  13 tyrant leeches
  A hornet (shapeshifter) (Vaults:5)
  A hydra skeleton (Pan)
  2 glass eyes
  A stone giant simulacrum (Abyss:3)
  23 raiju (Abyss:3)
  A dream sheep (shapeshifter) (Vaults:5)
  A satyr zombie (Crypt:2)
  A spectral meliai (Gauntlet)
  2 jumping spiders
  2 centaur simulacra
  A merfolk skeleton (Crypt:3)
  5 vampires
  5 ettin skeletons
  2 frost giant simulacra (Depths:3)
  11 slime creatures
  2 shadows (D:12)
  A culicivora (Vaults:1)
  5 hogs (Swamp:2)
  A fire bat (shapeshifter) (D:5)
  5 wraiths
  60 ynoxinuls
  3 air elementals
  5 basilisks
  7 fire elementals
  3 wargs
  7 fire bats
  8 water elementals
  7 wyverns
  51 yaks
  3 steam dragons
  3 golden eyes (Abyss:3)
  65 chaos spawn
  2 elf skeletons (Vaults:2)
  A wind drake skeleton (Crypt:1)
  6 redbacks
  2 spatial vortices (Abyss:3)
  12 vampire mosquitoes
  Menkaure (D:7)
  14 small abominations (Abyss:3)
  63 nagas
  22 swamp worms
  22 neqoxecs
  3 acid dragons
  An entropy weaver zombie (Vaults:5)
  8 hell hounds
  3 glowing shapeshifter skeletons
  A fire bat skeleton (Crypt:2)
  18 water moccasins
  17 orc warriors
  A cane toad skeleton (Crypt:2)
  15 swamp drakes
  2 sky beasts
  3 ice beasts
  A black bear (D:5)
  A black mamba simulacrum (Crypt:1)
  8 ogres
  31 laughing skulls
  19 centaurs
  4 wolves (Lair:1)
  4 human skeletons
  A phantom (D:6)
  4 weeping skulls (Abyss:3)
  3 kobold brigands
  A swamp dragon skeleton (Crypt:2)
  A yaktaur zombie (Crypt:1)
  3 brain worms (Abyss:3)
  4 necrophages (Crypt:2)
  11 bullfrogs
  A gnoll sergeant (D:7)
  An earth elemental (Elf:1)
  A glowing shapeshifter simulacrum (Depths:3)
  3 scorpions
  6 wyvern skeletons (Crypt:3)
  9 killer bees (D:9)
  5 electric eels
  9 howler monkeys
  5 crimson imps (Abyss:3)
  A bombardier beetle (D:7)
  A quasit (Abyss:3)
  Crazy Yiuf (D:2)
  38 orc priests
  4 hounds
  2 iron imps (Abyss:3)
  6 jellies
  8 iguanas
  31 orc wizards
  A sleepcap (D:7)
  5 hell rats (Lair:5)
  An ogre skeleton (Crypt:1)
  3 naga skeletons
  A crocodile skeleton (Crypt:1)
  2 mummies (Crypt:3)
  A steam dragon zombie (Crypt:2)
  7 adders
  6 gnolls
  A swamp drake skeleton (Crypt:2)
  6 white imps
  4 ufetubi (Abyss:3)
  A worm (D:2)
  2 dart slugs
  44 orcs
  5 bats
  7 endoplasms
  7 hobgoblins
  4 jackals (D:1)
  20 kobolds
  7 quokkas
  10 ball pythons
  2 frilled lizards (D:2)
  5 goblins
  3 rats
  A lurking horror (Abyss:3)
  A spectral weapon (Pan)
  15 starspawn tentacles (Abyss:3)
3290 creatures vanquished.

Vanquished Creatures (collateral kills)
  An ancient lich (Vaults:5)
1 creature vanquished.

Vanquished Creatures (others)
  A Tzitzimitl (Pan)
  A reaper (Pan)
  A green death (Pan)
  A hydra (Swamp:4)
  An anaconda (Snake:2)
  A sun demon (Pan)
  A soul eater (Pan)
  2 deep elf knights (Elf:1)
  2 sixfirhies (Pan)
  A large abomination (Pan)
  A smoke demon (Pan)
  A storm dragon simulacrum (Depths:3)
  A hellion (Pan)
  An orange demon (Pan)
  A komodo dragon (D:8)
  2 tormentors (Pan)
  A bloated husk (Swamp:3)
  A wyvern (Lair:4)
  A neqoxec (Pan)
  5 chaos spawn (Pan)
  A swamp worm (Swamp:4)
  An orc wizard (D:9)
  A gnoll (D:7)
  9 foxfires (Abyss:3)
  3 lurking horrors (Abyss:3)
  15 starspawn tentacles (Abyss:3)
57 creatures vanquished.

Grand Total: 3348 creatures vanquished

Notes
Turn   | Place    | Note
-------+----------+-------------------------------------------
     0 | D:1      | joopi the Octopode Shapeshifter began the quest for the
                  | Orb.
     0 | D:1      | Reached XP level 1. HP: 13/13 MP: 1/1
   118 | D:1      | Reached XP level 2. HP: 18/18 MP: 2/2
   916 | D:2      | Found a faded altar of an unknown god.
   995 | D:2      | Reached XP level 3. HP: 20/23 MP: 3/3
  1067 | D:2      | Prayed at the altar of an unknown god.
  1067 | D:2      | Became a worshipper of Xom of Chaos
  1114 | D:2      | XOM: divination: detect creatures
  1291 | D:2      | Reached XP level 4. HP: 21/29 MP: 4/4
  1334 | D:2      | XOM: potion effect (haste)
  1377 | D:2      | XOM: noise
  1402 | D:2      | XOM: cloud trail
  1576 | D:2      | Found a runed translucent door.
  1577 | D:2      | Noticed Crazy Yiuf
  1586 | D:2      | Killed Crazy Yiuf
  1780 | D:3      | XOM: cast spell 'Death Channel'
  1791 | D:3      | Reached XP level 5. HP: 30/35 MP: 5/5
  1908 | D:3      | XOM: 1-stop teleportation journey
  2072 | D:3      | Found a shadowy altar of Dithmenos.
  2107 | D:3      | Found a stormy altar of Qazlal.
  2267 | D:3      | Found a broken altar of Ashenzari.
  2268 | D:3      | Found a sparkling altar of Nemelex Xobeh.
  2428 | D:3      | XOM is BORED!
  2601 | D:4      | Found an iron altar of Okawaru.
  2620 | D:4      | Noticed a centaur
  2634 | D:4      | XOM: swap monsters
  2641 | D:4      | a kobold changed into a sky beast
  2641 | D:4      | Noticed a sky beast
  2641 | D:4      | XOM: polymorph kobold -> sky beast
  2646 | D:4      | Killed a centaur
  2647 | D:4      | Reached XP level 6. HP: 27/42 MP: 6/6
  2661 | D:4      | Killed a sky beast
  2734 | D:4      | XOM: draining
  2766 | D:4      | Found a sacrificial altar of Ru.
  3120 | D:5      | Entered Level 5 of the Dungeon
  3135 | D:5      | XOM: 1-stop teleportation journey
  3229 | D:5      | You fall into a shaft and drop 3 floors!
  3313 | D:8      | XOM: give mutation
  3313 | D:8      | Gained mutation: You are partially covered in iridescent
                  | scales. (AC +2) [Xom's mischief]
  3317 | D:8      | XOM: noise
  3325 | D:8      | a howler monkey changed into a warg
  3325 | D:8      | Noticed a warg
  3325 | D:8      | XOM: polymorph howler monkey -> warg
  3329 | D:8      | XOM: enchant monster (good)
  3332 | D:8      | Reached XP level 7. HP: 38/45 MP: 7/7
  3347 | D:8      | XOM: chaos cloud
  3349 | D:8      | a warg changed into a bat
  3349 | D:8      | XOM: polymorph warg -> bat
  3364 | D:8      | XOM: scenery: summon butterflies
  3411 | D:8      | XOM: scenery: create altars
  3500 | D:8      | XOM: god gift: green potion {god gift}
  3580 | D:8      | Noticed Psyche
  3586 | D:8      | Psyche changed into Psyche the ball python
  3586 | D:8      | Noticed Psyche
  3586 | D:8      | XOM: polymorph Psyche -> Psyche the ball python
  3589 | D:8      | Killed Psyche the ball python
  3804 | D:8      | Found an ornate altar of the Wu Jian Council.
  3825 | D:8      | XOM: polymorph bullfrog -> rat
  3834 | D:8      | Noticed a komodo dragon
  3846 | D:8      | Killed a komodo dragon
  3846 | D:8      | XOM: divine lightning
  4052 | D:7      | Noticed Maurice
  4057 | D:7      | Found a staircase to the Ecumenical Temple.
  4060 | D:7      | Something stole a flux talisman
  4061 | D:7      | Something stole a ring of wizardry
  4181 | D:6      | Reached skill level 5 in Unarmed Combat
  4181 | D:6      | Found a glowing golden altar of the Shining One.
  4314 | D:6      | Reached XP level 8. HP: 52/54 MP: 8/8
  4317 | D:6      | Reached skill level 5 in Shapeshifting
  4336 | D:6      | Reached skill level 5 in Dodging
  4376 | D:6      | a bombardier beetle changed into a manticore
  4376 | D:6      | Noticed a manticore
  4376 | D:6      | XOM: polymorph bombardier beetle -> manticore
  4385 | D:6      | XOM: swap monsters
  4392 | D:6      | XOM: 3-stop teleportation journey
  4545 | D:6      | Reached skill level 5 in Fighting
  4546 | D:6      | XOM: chaos upgrade
  4867 | D:6      | XOM: 1-stop teleportation journey
  4902 | D:5      | Killed a manticore
  4903 | D:5      | Reached XP level 9. HP: 29/61 MP: 9/9
  5097 | D:5      | XOM: polymorph yak -> shapeshifter
  5171 | D:5      | XOM: 3-stop teleportation journey
  5492 | D:5      | XOM: scenery: 1 doors close
  5535 | D:5      | Found a snail-covered altar of Cheibriados.
  5906 | D:7      | XOM: enchant monster (good)
  6073 | D:7      | XOM: polymorph orc warrior -> jumping spider
  6092 | D:7      | Something stole 429 gold
  6093 | D:7      | Something stole an orb of guile
  6100 | D:7      | Something stole 2 throwing nets
  6111 | D:7      | HP: 3/94 [something (7)]
  6177 | D:7      | XOM: confusion
  6179 | D:7      | XOM: confusion (+ monsters)
  6190 | D:7      | XOM: blink monster(s)
  6245 | D:7      | XOM: divination: detect items
  6360 | D:7      | Noticed Maggie
  6360 | D:7      | XOM: blink monster(s)
  6544 | D:8      | Found a radiant altar of Vehumet.
  6728 | D:8      | XOM: scenery: 1 doors close
  6745 | D:8      | Found a staircase to the Lair.
  6860 | D:8      | Reached XP level 10. HP: 69/71 MP: 10/10
  7002 | D:9      | XOM: repel stairs
  7018 | D:9      | Found a bloodstained altar of Trog.
  7200 | D:9      | Found a hazy altar of Hepliaklqana.
  7407 | D:9      | Found a white marble altar of Elyvilon.
  7822 | D:7      | XOM: divine lightning
  7825 | D:7      | Killed Maggie
  7886 | D:7      | Noticed Menkaure
  7892 | D:7      | Killed Menkaure
  8369 | D:5      | XOM: summons 3 hostile demons
  8499 | D:7      | XOM: polymorph orc priest -> iguana
  8523 | D:7      | Killed Maurice
  8669 | D:8      | HP: 3/71 [poisoned by you (poison gas)]
  8909 | D:8      | Fell from the grace of Xom
  8909 | D:8      | Became a worshipper of the Wu Jian Council
  9003 | D:9      | Noticed a two-headed ogre
  9028 | D:9      | Killed a two-headed ogre
  9057 | D:9      | XOM: scenery: summon butterflies
  9078 | D:9      | XOM: noise
  9526 | D:9      | Reached * piety under Wu Jian
  9554 | D:9      | Reached XP level 11. HP: 49/77 MP: 11/11
  9565 | D:9      | Identified the amulet of the Dolphin {Spirit +Inv rF+
                  | Int+2}
  9824 | D:10     | Entered Level 10 of the Dungeon
  9839 | D:10     | XOM: repel stairs
 10064 | D:10     | Found a staircase to the Orcish Mines.
 10447 | D:10     | Found an opulent altar of Gozag.
 11321 | D:11     | Noticed Erica
 11326 | D:11     | Killed Erica
 11420 | D:11     | Found a blossoming altar of Fedhas.
 11481 | D:11     | XOM: noise
 11594 | D:11     | Reached ** piety under Wu Jian
 11672 | D:11     | Noticed Nergalle
 11688 | D:11     | Killed Nergalle
 11775 | D:11     | XOM: swap monsters
 11981 | D:11     | XOM: give mutations
 11981 | D:11     | Gained mutation: Your muscles are strong. (Str +4, Int/Dex
                  | -1) [Xom's mischief]
 11981 | D:11     | Gained mutation: You are mostly covered in iridescent
                  | scales. (AC +4) [Xom's mischief]
 12270 | Lair:1   | Entered Level 1 of the Lair of Beasts
 12296 | D:8      | Reached skill level 10 in Unarmed Combat
 12300 | D:8      | Reached XP level 12. HP: 86/86 MP: 12/12
 12371 | Lair:1   | Identified the +4 arbalest of Conformity {heavy, rN+ Str+5}
                  | (Xom gifted it to you on level 1 of the Lair of Beasts)
 12371 | Lair:1   | XOM: god gift: +4 arbalest of Conformity {chaos, rN+ Str+5}
 12408 | Lair:1   | Reached skill level 10 in Dodging
 12503 | Lair:1   | Found a hazy altar of Hepliaklqana.
 12651 | Lair:1   | Reached skill level 10 in Fighting
 13210 | Lair:2   | Reached *** piety under Wu Jian
 13288 | Lair:2   | XOM: 2-stop teleportation journey
 13313 | Lair:2   | Noticed an eight-headed hydra
 13323 | Lair:2   | Killed an eight-headed hydra
 13484 | Lair:2   | Reached skill level 10 in Shapeshifting
 13624 | Lair:2   | Found a staircase to the Snake Pit.
 13913 | Lair:2   | Noticed a four-headed hydra
 13921 | Lair:2   | Killed a four-headed hydra
 14169 | Lair:2   | Paralysed by a hornet for 2 turns
 14175 | Lair:2   | Reached XP level 13. HP: 57/94 MP: 8/13
 14298 | Lair:2   | Found a staircase to the Swamp.
 14455 | Lair:4   | XOM: enchant monster (bad)
 14683 | Lair:4   | XOM: divination: detect creatures
 14723 | Lair:4   | Reached **** piety under Wu Jian
 15258 | Lair:3   | XOM: silly message
 15536 | Lair:3   | XOM: divination: detect items
 15904 | Lair:3   | Found the +3 pair of seven-league boots {Rampage+∞}
 16807 | Lair:4   | Was forgiven by Xom
 16906 | Lair:4   | Reached XP level 14. HP: 101/101 MP: 14/14
 17577 | Lair:5   | Entered Level 5 of the Lair of Beasts
 17858 | Lair:4   | Reached ***** piety under Wu Jian
 18175 | Lair:5   | Found a staircase to the Slime Pits.
 18180 | Lair:5   | Found a viscous altar of Jiyva.
 19328 | D:12     | Reached skill level 15 in Shapeshifting
 19943 | D:12     | Found an ornate altar of the Wu Jian Council.
 20780 | D:13     | Reached XP level 15. HP: 107/107 MP: 15/15
 21509 | D:14     | Found a gate to the Vaults.
 21521 | D:14     | Reached ****** piety under Wu Jian
 22237 | D:15     | Entered Level 15 of the Dungeon
 22323 | D:15     | Found a gate leading to a gauntlet.
 22333 | Gauntlet | Entered a Gauntlet
 22333 | Gauntlet | Found a transporter.
 22336 | Gauntlet | Found a transporter.
 22340 | Gauntlet | Found a transporter.
 22345 | Gauntlet | Found a transporter.
 22353 | Gauntlet | Found a transporter.
 22360 | Gauntlet | Found a transporter.
 22432 | Gauntlet | Found a transporter.
 22447 | Gauntlet | Found a transporter.
 22450 | Gauntlet | Found a transporter.
 22450 | Gauntlet | Found a transporter.
 22459 | Gauntlet | Found a transporter.
 22600 | Gauntlet | Identified the ring of Janoiduh {rElec rPois Str+2 Int+2}
 22654 | Gauntlet | Identified the +0 pair of gloves of Canyen {^Drain Str+3
                  | SInv}
 22686 | Gauntlet | Identified the scarf of the Fiddle {repulsion, Dex+2}
 23872 | D:15     | Found a staircase to the Depths.
 23872 | D:15     | Noticed a frost giant
 23876 | D:15     | Killed a frost giant
 23877 | D:15     | Reached XP level 16. HP: 113/113 MP: 14/16
 24261 | D:12     | Identified the +6 plate armour "Caepiod" {Harm Int-2 Slay+4
                  | Stlth+}
 24329 | Orc:1    | Entered Level 1 of the Orcish Mines
 24778 | Orc:2    | Entered Level 2 of the Orcish Mines
 24834 | Orc:2    | Found a staircase to the Elven Halls.
 24935 | Orc:2    | Noticed Saint Roka
 24961 | Orc:2    | Killed Saint Roka
 25016 | Orc:2    | Found Uhiebamp's General Store.
 25016 | Orc:2    | Found Botwit Paif's Magic Scroll Boutique.
 25017 | Orc:2    | Found Oqot Fok's Magic Scroll Shop.
 25021 | Orc:2    | Found Wosat's General Store.
 25135 | Orc:2    | Bought a scroll of blinking for 97 gold pieces
 25135 | Orc:2    | Bought a scroll of identify for 26 gold pieces
 25135 | Orc:2    | Bought a scroll of identify for 26 gold pieces
 25135 | Orc:2    | Bought a scroll of identify for 26 gold pieces
 25135 | Orc:2    | Bought a scroll of identify for 26 gold pieces
 25166 | Orc:2    | Found Loxtee's Antique Weapon Boutique.
 25549 | Elf:1    | Entered Level 1 of the Elven Halls
 25589 | Elf:1    | Found Epoliogu's Assorted Antiques.
 25595 | Elf:1    | Bought a glowing cabochon ring for 165 gold pieces
 25611 | Elf:1    | Noticed Zenata
 25626 | Elf:1    | Killed Zenata
 25652 | Elf:1    | Noticed Agnes
 25770 | Elf:1    | Paralysed by an air elemental for 1 turns
 25774 | Elf:1    | Paralysed by an air elemental for 1 turns
 25855 | Elf:1    | Killed Agnes
 26085 | Elf:1    | Paralysed by an air elemental for 1 turns
 26140 | Elf:1    | Found Adoan's Antique Armour Shop.
 26520 | Elf:1    | Found Suffygg's General Store.
 26527 | Elf:1    | Bought a scroll of blinking for 90 gold pieces
 26593 | Elf:1    | Got the Monograph on Lofty Incineration
 27132 | Elf:2    | Noticed Louise
 27148 | Elf:2    | Killed Louise
 27529 | Elf:2    | Reached XP level 17. HP: 121/121 MP: 15/17
 27658 | Elf:2    | Found a runed translucent gate.
 27659 | Elf:2    | Found a runed translucent gate.
 27660 | Elf:2    | Found a runed translucent gate.
 28612 | Elf:2    | Noticed a deep elf blademaster
 28631 | Elf:2    | Killed a deep elf blademaster
 29495 | Elf:3    | Entered Level 3 of the Elven Halls
 29642 | Elf:3    | Found Boentil's Distillery.
 29649 | Elf:3    | Bought a potion of haste for 150 gold pieces
 29753 | Elf:3    | Found Taug's Jewellery Boutique.
 29753 | Elf:3    | Found Qazxesimp's Book Emporium.
 29754 | Elf:3    | Found Tyugic's Book Emporium.
 29762 | Elf:3    | Bought the ring of Vugin {rN+ Str+2 Int-4 Slay+3 SInv} for
                  | 475 gold pieces
 30237 | Elf:3    | Noticed a deep elf master archer
 30283 | Elf:3    | Killed a deep elf master archer
 30530 | Elf:3    | Noticed a deep elf blademaster
 30549 | Elf:3    | Killed a deep elf blademaster
 30563 | Elf:3    | Noticed a deep elf blademaster
 30565 | Elf:3    | Killed a deep elf blademaster
 30569 | Elf:3    | Identified the +10 scimitar of the Fool {flame, Will+}
 30571 | Elf:3    | Reached XP level 18. HP: 131/131 MP: 15/18
 30579 | Elf:3    | Noticed a deep elf master archer
 30580 | Elf:3    | Killed a deep elf master archer
 30603 | Elf:3    | Noticed an Ice Fiend
 30609 | Elf:3    | Noticed a deep elf blademaster
 30621 | Elf:3    | Killed a deep elf blademaster
 30982 | Elf:3    | Found the +9 scales of the Dragon King {rPois rF+ rC+
                  | Will+}
 30985 | Elf:3    | Got the Textbook on Rocky Phlogiston
 31002 | Elf:3    | Identified the staff of the Hurtling Gods {+Blink rPois rF+
                  | Str-5 Int+3 Fire}
 31004 | Elf:3    | Identified the +2 sling "Jellybane" {drain, Str-2 Int+3
                  | SInv}
 31043 | Elf:3    | Identified the +2 robe of the Kraken {rElec rC- Str+2}
 31107 | Elf:3    | Identified the staff "Wodok" {rElec Dex+6 Air}
 31472 | Snake:1  | Entered Level 1 of the Snake Pit
 31472 | Snake:1  | Found a shimmering altar of Xom.
 31494 | Snake:1  | Noticed Asterion
 31499 | Snake:1  | Noticed Frances
 31504 | Snake:1  | Killed Frances
 31512 | Snake:1  | Noticed Azrael
 31518 | Snake:1  | Killed Asterion
 31523 | Snake:1  | Killed Azrael
 31536 | Snake:1  | Found Qogyla's Mass Market.
 31748 | Snake:1  | Noticed Donald
 31758 | Snake:1  | Killed Donald
 32285 | Snake:2  | Reached skill level 15 in Unarmed Combat
 32306 | Snake:2  | Reached skill level 15 in Dodging
 32507 | Snake:2  | Reached skill level 15 in Fighting
 32968 | Snake:2  | Reached XP level 19. HP: 139/139 MP: 19/19
 33650 | Snake:3  | Found Supamp's Antique Weapon Boutique.
 33658 | Snake:3  | Found Ohooniqu's Antique Weapon Boutique.
 34173 | Snake:3  | Found a transporter.
 34524 | Snake:3  | Found a shimmering blue altar of Sif Muna.
 34776 | Snake:3  | Found a transporter.
 34848 | Snake:4  | Entered Level 4 of the Snake Pit
 35693 | Snake:4  | Found Sesmun's Armour Shop.
 35693 | Snake:4  | Found Tarhukh's General Store.
 35703 | Snake:4  | Bought a scroll of blinking for 142 gold pieces
 35769 | Snake:4  | Noticed Bai Suzhen
 35791 | Snake:4  | Killed Bai Suzhen
 36114 | Snake:4  | Reached XP level 20. HP: 147/147 MP: 20/20
 36226 | Snake:4  | Got a serpentine rune of Zot
 36587 | Swamp:1  | Entered Level 1 of the Swamp
 37173 | Swamp:2  | Noticed Kirke
 37201 | Swamp:2  | Killed Kirke
 37774 | Swamp:3  | Identified the +9 great mace of Infinity {flame, Str+2}
 37855 | Swamp:3  | Found a stormy altar of Qazlal.
 38162 | Swamp:4  | Entered Level 4 of the Swamp
 38548 | Swamp:4  | Got a mossy gem with 487 turns to spare
 38548 | Swamp:4  | Got a decaying rune of Zot
 39037 | Swamp:1  | Lost the mossy gem through the power of Zot.
 39160 | Temple   | Entered the Ecumenical Temple
 39312 | D:5      | Fell from the grace of Wu Jian
 39312 | D:5      | Became a worshipper of Cheibriados the Contemplative
 39531 | Vaults:1 | Entered Level 1 of the Vaults
 39604 | Vaults:1 | Found Oteixihowu's Antique Weapon Boutique.
 39635 | Vaults:1 | Found Siyvawav's Assorted Antiques.
 39672 | Vaults:1 | Reached XP level 21. HP: 131/156 MP: 13/21
 39691 | Vaults:1 | Found Lieqatradeb's Assorted Antiques.
 39693 | Vaults:1 | Reached * piety under Cheibriados
 39811 | Vaults:1 | Found a flickering gateway to a bazaar.
 39814 | Bazaar   | Entered a bazaar
 39816 | Bazaar   | Found Unuv's Armour Boutique.
 40003 | Bazaar   | Found Qagi's Weapon Boutique.
 40003 | Bazaar   | Found Ruorubb's Book Boutique.
 40024 | Bazaar   | Found Bitakolo's Jewellery Boutique.
 40360 | Bazaar   | Bought a storm talisman for 1600 gold pieces
 40553 | Vaults:1 | Found Xaorgh's Weapon Shoppe.
 40619 | Vaults:1 | Reached ** piety under Cheibriados
 44407 | Vaults:2 | Noticed Boris
 44411 | Vaults:2 | Killed Boris
 44425 | Vaults:2 | Reached *** piety under Cheibriados
 44459 | Vaults:2 | Identified the +5 scimitar of Quick Death {venom, Int+5}
 45478 | Vaults:2 | Found a staircase to the Crypt.
 45485 | Crypt:1  | Entered Level 1 of the Crypt
 45516 | Crypt:1  | Reached **** piety under Cheibriados
 45714 | Crypt:1  | Reached ***** piety under Cheibriados
 45866 | Crypt:1  | Found a runed translucent gate.
 45866 | Crypt:1  | Found a runed translucent gate.
 45867 | Crypt:1  | Found a runed translucent gate.
 45868 | Crypt:1  | Noticed Utoppaes's ghost (veteran GrFi)
 45885 | Crypt:1  | Killed Utoppaes's ghost
 46011 | Crypt:1  | Was forgiven by Wu Jian
 46631 | Crypt:2  | Noticed Grunn
 46637 | Crypt:2  | Killed Grunn
 46640 | Crypt:2  | Reached XP level 22. HP: 163/163 MP: 19/22
 46660 | Crypt:2  | HP: 10/244 [poisoned by a putrid mouth (dark miasma)]
 47150 | Crypt:2  | Noticed Frederick
 47168 | Crypt:2  | Killed Frederick
 47180 | Crypt:2  | Noticed Mennas
 47201 | Crypt:2  | Killed Mennas
 47751 | Crypt:2  | Reached ****** piety under Cheibriados
 47996 | Crypt:3  | Entered Level 3 of the Crypt
 48032 | Crypt:3  | Noticed Jory
 48047 | Crypt:3  | Killed Jory
 48420 | Crypt:3  | Found a staircase to the Tomb.
 48646 | Crypt:3  | Found an ancient bone altar of Kikubaaqudgha.
 48705 | Crypt:3  | Noticed an ancient lich
 48714 | Crypt:3  | Killed an ancient lich
 48721 | Crypt:3  | Identified the +5 shadow dragon scales "Axoadgh" {rPois
                  | Stlth++++}
 48721 | Crypt:3  | Identified the +0 troll leather armour of the Wumpus
                  | {Regen+ Int+6}
 49202 | Crypt:3  | Got the Meditations on Assaults
 50269 | Vaults:3 | Reached XP level 23. HP: 158/169 MP: 23/23
 50273 | Vaults:3 | Noticed Boris
 50276 | Vaults:3 | Killed Boris
 52509 | Vaults:5 | Entered Level 5 of the Vaults
 52512 | Vaults:5 | Reached skill level 27 in Shapeshifting
 52513 | Vaults:5 | Noticed a golden dragon
 52528 | Vaults:5 | Noticed Mara
 52529 | Vaults:5 | Killed a golden dragon
 52544 | Vaults:5 | Noticed an ancient lich
 52551 | Vaults:5 | Noticed a dread lich
 52552 | Vaults:5 | Noticed joopi's illusion
 52554 | Vaults:5 | Killed an ancient lich
 52555 | Vaults:5 | Reached XP level 24. HP: 73/177 MP: 10/23
 52557 | Vaults:5 | Killed a dread lich
 52590 | Vaults:5 | Identified the ring "Laubeunoi" {Int+2 Dex+6}
 52624 | Abyss:3  | Cast into level 3 of the Abyss (a deep elf sorcerer)
 52966 | Abyss:3  | Found a corrupted altar of Lugonu.
 53116 | Abyss:3  | Found a shimmering altar of Xom.
 53139 | Abyss:3  | Got an abyssal rune of Zot
 53224 | Vaults:5 | Escaped the Abyss
 53416 | Vaults:5 | Identified the dragon-blood talisman of Gieceac {rN+ Str+2
                  | Dex-5}
 53486 | Abyss:3  | Cast into level 3 of the Abyss (a deep elf sorcerer)
 53759 | Vaults:5 | Escaped the Abyss
 53846 | Vaults:5 | Noticed Xtahua
 53856 | Vaults:5 | Killed Xtahua
 53893 | Vaults:5 | Identified the +3 buckler of Beogh, Growing {Harm rF+++
                  | Str-2 Dex+2}
 53895 | Vaults:5 | Noticed joopi's illusion
 53898 | Vaults:5 | Reached XP level 25. HP: 95/187 MP: 14/23
 53904 | Vaults:5 | Killed Mara
 54217 | Vaults:5 | Identified the +7 executioner's axe "Lemasen" {flame, Fly
                  | rC- rN+ Int+2}
 54350 | Vaults:5 | Identified the staff of Eleaf {rElec Str+2 Fire Air}
 54388 | Vaults:5 | Got the Octavo of Volatile Hypothermia
 54589 | Vaults:5 | Identified the +0 leather armour of the Three of Pentacles
                  | {Harm rCorr Str+4 Slay-4}
 54591 | Vaults:5 | Got Wousa's Treatise on the Queen Bee
 54619 | Vaults:5 | Got a silver rune of Zot
 54781 | Vaults:5 | Identified the staff of Valour {*Corrode rC+ rN+ Str+6
                  | Dex+4 Necro}
 55286 | Depths:1 | Entered Level 1 of the Depths
 55482 | Depths:1 | You are sucked into a shaft and drop 1 floor!
 55484 | Depths:2 | Noticed a juggernaut
 55493 | Depths:2 | Killed a juggernaut
 55853 | Depths:2 | Noticed Boris
 55863 | Depths:2 | Killed Boris
 56080 | Depths:2 | Found a one-way gate leading to the halls of Pandemonium.
 56421 | Depths:2 | Found a one-way gateway to a ziggurat.
 56424 | Depths:2 | Found a gateway to Hell.
 57161 | Depths:1 | Identified the +6 quarterstaff of Dithmenos's Delight
                  | {vamp, rC+ rN+ Str-5 Dex+3}
 57402 | Depths:1 | Found a large runed translucent door.
 57402 | Depths:1 | Found a large runed translucent door.
 57404 | Depths:1 | Noticed Atiunar's ghost (master TrDe)
 57477 | Depths:1 | Killed Atiunar's ghost
 57772 | Depths:3 | Identified the ring "Qaguuff" {Ice rN+ Str+5 Dex-4}
 57772 | Depths:3 | Noticed Josephina
 57783 | Depths:3 | Killed Josephina
 57999 | Depths:3 | Found a corrupted altar of Lugonu.
 57999 | Depths:3 | Found a one-way gate to the infinite horrors of the Abyss.
 58053 | Depths:3 | Voluntarily entered the Abyss.
 58110 | Abyss:3  | Reached XP level 26. HP: 189/190 MP: 23/23
 58355 | Abyss:3  | Found a corrupted altar of Lugonu.
 58377 | Abyss:3  | Noticed an ancient lich
 58389 | Abyss:3  | Killed an ancient lich
 58464 | Abyss:3  | Noticed a dread lich
 58474 | Abyss:3  | Paralysed by a dread lich for 4 turns
 58479 | Abyss:3  | Killed a dread lich
 58512 | Depths:3 | Escaped the Abyss
 58786 | Depths:3 | Voluntarily entered the Abyss.
 58860 | Abyss:3  | Found a corrupted altar of Lugonu.
 58868 | Abyss:3  | Found a blossoming altar of Fedhas.
 58945 | Abyss:3  | Found a corrupted altar of Lugonu.
 59571 | Abyss:3  | Paralysed by you for 1 turns
 60377 | Abyss:3  | Learned a level 9 spell: Chain Lightning
 60409 | Abyss:3  | Reached skill level 1 in Conjurations
 60411 | Depths:3 | Escaped the Abyss
 61237 | Depths:3 | Reached XP level 27. HP: 207/207 MP: 23/23
 61400 | Depths:3 | Found a stormy altar of Qazlal.
 61423 | Depths:3 | Identified the staff of Honkitz {rN+ Str-3 Int+5 Necro Air}
 61426 | Depths:3 | Identified the +0 chain mail of Atidoh {Regen+ Dex+3 SInv}
 61561 | Depths:4 | Entered Level 4 of the Depths
 61576 | Depths:4 | Found a portal to a secret trove of treasure.
 61942 | Depths:4 | Found a gate to the Realm of Zot.
 62513 | Depths:4 | Found a glowing golden altar of the Shining One.
 62692 | Pan      | Entered Pandemonium
 62800 | Pan      | Found an exit through the horrors of the Abyss.
 63169 | Pan      | Noticed Tyleoh the pandemonium lord
 63183 | Pan      | Killed Tyleoh the pandemonium lord
 63385 | Pan      | Got a demonic rune of Zot
 64456 | Pan      | Noticed Oleggy Luvu the pandemonium lord
 64457 | Pan      | Gained mutation: One of your tentacles bears a spike. [a
                  | neqoxec]
 64468 | Pan      | Killed Oleggy Luvu the pandemonium lord
 65639 | Pan      | Gained mutation: You are dopey. (Int -2) [a cacodemon]
 65726 | Pan      | Gained mutation: You are very dopey. (Int -4) [a cacodemon]
 67153 | Pan      | Found a huge runed translucent gate.
 67156 | Pan      | Found a huge runed translucent gate.
 67157 | Pan      | Found a huge runed translucent gate.
 67157 | Pan      | Found a huge runed translucent gate.
 67157 | Pan      | Found a huge runed translucent gate.
 67157 | Pan      | Found a huge runed translucent gate.
 67157 | Pan      | Found a huge runed translucent gate.
 67167 | Pan      | Noticed Ryehom the pandemonium lord
 67181 | Pan      | Killed Ryehom the pandemonium lord
 68058 | Pan      | Identified a scroll of acquirement
 68058 | Pan      | Acquired a manual of Maces & Flails
 68110 | Pan      | Noticed Neatuid the pandemonium lord
 68115 | Pan      | Killed Neatuid the pandemonium lord
 68169 | Pan      | Found an exit through the horrors of the Abyss.
 69523 | Pan      | Noticed Imma the pandemonium lord
 69553 | Pan      | Killed Imma the pandemonium lord
 70921 | Pan      | Noticed Beurghay the pandemonium lord
 70926 | Pan      | Killed Beurghay the pandemonium lord
 71066 | Pan      | Identified the amulet of Egef {Acrobat rN+ Will+}
 72085 | Pan      | Found a transporter.
 72887 | Pan      | Found a transporter.
 72897 | Pan      | Identified the ring of Sorazub {rPois rF+ rCorr Dex+3
                  | Slay+2}
 72917 | Pan      | Identified the ring "Ucoetoh" {rC+ Str+6 Int-2 Dex+6}
 73319 | Pan      | Lost mutation: You are very dopey. (Int -4) [a neqoxec]
 73355 | Pan      | Noticed Qihaw the pandemonium lord
 73384 | Pan      | HP: 8/217 [hellion/damnation (7)]
 73407 | Pan      | Killed Qihaw the pandemonium lord
 73764 | Pan      | Found a runed translucent door.
 73770 | Pan      | Identified the +5 dire flail of Xeguexops {spect, Fly rElec
                  | Str-5}
 73950 | Pan      | Gained mutation: Your spells are a little easier to cast,
                  | but a little less powerful. [a cacodemon]
 74096 | Pan      | Noticed Eveunnuf the pandemonium lord
 74110 | Pan      | Killed Eveunnuf the pandemonium lord
 74691 | Pan      | Noticed Loivoj the pandemonium lord
 74703 | Pan      | Killed Loivoj the pandemonium lord
 75521 | Pan      | Noticed Zoik the pandemonium lord
 75528 | Pan      | Killed Zoik the pandemonium lord
 76541 | Pan      | Lost mutation: One of your tentacles bears a spike. [a
                  | cacodemon]
 76545 | Pan      | Lost mutation: You are mostly covered in iridescent scales.
                  | (AC +4) [a cacodemon]
 76604 | Pan      | Found an exit through the horrors of the Abyss.
 76722 | Pan      | Took an exit into the Abyss.
 76722 | Abyss:3  | Escaped into the Abyss
 76748 | Depths:4 | Escaped the Abyss
 76787 | Depths:4 | You paid a toll of 8 potions of haste to enter a treasure
                  | trove
 76788 | Trove    | Entered a treasure trove
 76884 | Pan      | Entered the realm of Gloorx Vloq.
 76884 | Pan      | Entered Pandemonium
 77031 | Pan      | Found an exit through the horrors of the Abyss.
 77481 | Pan      | Noticed Gloorx Vloq
 77492 | Pan      | Killed Gloorx Vloq
 77795 | Pan      | Got a dark rune of Zot
 78223 | Pan      | Noticed Zifiprur the pandemonium lord
 78228 | Pan      | Killed Zifiprur the pandemonium lord
 79286 | Pan      | Reached skill level 27 in Fighting
 79482 | Pan      | Reached skill level 27 in Unarmed Combat
 79502 | Pan      | Reached skill level 27 in Dodging
 79504 | Pan      | Reached skill level 1 in Stealth
 79504 | Pan      | Reached skill level 1 in Air Magic
 79506 | Pan      | Noticed Daturus the pandemonium lord
 79510 | Pan      | Killed Daturus the pandemonium lord
 79511 | Pan      | Reached skill level 1 in Spellcasting
 79581 | Pan      | HP: 6/224 [blizzard demon/the air[a shadow demon] (20)]
 79582 | Pan      | HP: 1/224 [blizzard demon/the air[a shadow demon] (13)]
 79583 | Pan      | Demolished by a sun demon

Illustrated notes

Levels and vault maps discovered:
D:1:      dpeg_arrival_snail, layout_loops_ring
D:2:      layout_basic, shapermc_ecumenical_altar_petra,
          chequers_serial_rivers_small_3, grunt_ministairs_14,
          uniq_crazy_yiuf_cottage
D:3:      layout_loops_ring, grunt_dithmenos_smoke, minitemple,
          nicolae_qazlal_eye_of_the_storm
D:4:      layout_cave_pools, okawaru_gym_becter, nicolae_ru_sacrificial_ziggurat
D:5:      layout_basic, cheibriados_altar_1, portal_sewer_entry_d,
          minmay_misc_feat_rows
D:6:      layout_loops_cross, lemuel_coloured_pillars_altar
D:7:      layout_basic, minmay_temple_entry_proselytizer, serial_aquarium,
          aquarium_bridge_square [aquarium_subvault_window,
          aquarium_subvault_bridge, aquarium_subvault_bridge,
          aquarium_subvault_wall], aquarium_bridge_square
          [aquarium_subvault_balcony, aquarium_subvault_wall,
          aquarium_subvault_bridge, aquarium_subvault_bridge],
          aquarium_window_1, aquarium_window_2, aquarium_window_1,
          aquarium_view_2c, aquarium_view_2b, aquarium_balcony_3a,
          grunt_ministairs_12, uniq_maurice, uniq_menkaure, uniq_maggie
D:8:      layout_loops_corners, kennysheep_mini_moat,
          mainiacjoe_overflow_concentric_impassable, david_lair_shrubbed,
          uniq_psyche
D:9:      minmay_octagon_keep, layout_loops_ring, nzn_hepliaklqana_mist_gate,
          mainiacjoe_overflow_boulevard, nicolae_overflow_hidden_temple,
          amethyst_killhole
D:10:     nicolae_BIG_FREAKIN_CUBE, layout_basic, lemuel_crystal_altar,
          orc_0_dummy
D:11:     layout_basic, fedhas_altar_2, uniq_erica, uniq_nergalle
D:12:     layout_stronghold, mrwooster_statue_mirror,
          nicolae_wu_jian_immortal_techniques
D:13:     layout_loops_ring
D:14:     layout_gridville, skrybe_vaults_entry_preservation, serial_bayou,
          serial_bayou_shore_a, serial_bayou_pond_a, serial_bayou_pond_c,
          serial_bayou_lake_a, serial_bayou_lagoon_b, serial_bayou_pond_a
D:15:     grunt_enter_depths_snipers, layout_basic, serial_co_window_serial,
          co_window_of_opportunity_a, co_window_of_opportunity_a,
          co_window_paths_b, co_window_paths_a, co_window_paths_a,
          co_window_of_opportunity_a, co_window_2corner,
          co_window_of_opportunity_b, co_window_corner_ca, co_window_corner_cb,
          co_window_paths_d, co_window_4corner_a, glass_columns_c,
          glass_columns_a, glass_columns_b, glass_columns_a, nrook_uturn,
          gauntlet_entry_generic
Temple:   hellmonk_temple_micro_hex
Lair:1:   layout_regular_city, basic_altar, beast_lair_carwin_1
Lair:2:   layout_gridlike, mainiacjoe_swamp_entry_angry_trees,
          minmay_snake_entry_guardpost_medium
Lair:3:   layout_layer_cave, hellmonk_guarded_unrand_seven_league_boots,
          grunt_megastairs_2
Lair:4:   layout_long_grid, nicolae_lair_grove_arrangements,
          minmay_shattered_shrine, infiniplex_staircase_pool_2
Lair:5:   guppyfry_lair_end_dragon, layout_gridlike,
          nicolae_slime_entry_field_trip
Swamp:1:  layout_falls_marsh, evilmike_swamp_ruin_rubble_2, swamp_pool_1_2,
          nicolae_swamp_vermiculated
Swamp:2:  layout_basic_swamp, evilmike_swamp_ruin_house_5, uniq_kirke
Swamp:3:  layout_basic_swamp, lemuel_altar_in_water, swamp_pool_1_2
Swamp:4:  swamp_alternative, layout_basic_swamp, swamp_pool_5
Snake:1:  hangedman_cross_veins, layout_onion, basic_altar,
          nicolae_snake_single_loop, minmay_shop_mass, uniq_asterion,
          uniq_frances, uniq_azrael, uniq_donald
Snake:2:  layout_basic, evilmike_ambush [evilmike_ambush_outer_corners,
          evilmike_ambush_inner_basic], lemuel_fruit_tree
Snake:3:  gammafunk_sealed_library, layout_chambers, minmay_shop_star
Snake:4:  grunt_snake_rune_pools, layout_rooms, drop_trap,
          nicolae_snake_mages_go_home, minmay_shoptagon, serial_bayou_shore_b,
          uniq_bai_suzhen
Orc:1:    layout_diamond_mine
Orc:2:    st_orc_mages, layout_caves, serial_shops, shop, uniq_saint_roka
Elf:1:    nicolae_elf_arrival_fired_up, layout_geoelf_diagonals, serial_shops,
          shop, nicolae_shop_crystal, shop, nicolae_elf_blasts_and_bolts,
          hangedman_glass_teeth, minivault_16, uniq_zenata, uniq_agnes
Elf:2:    elven_hall_of_blades_hangedman_original [nicolae_blade_bullseye],
          layout_loops_corners, minivault_25_ag, hex_tiny, uniq_louise
Elf:3:    minmay_elf_hall_statues, layout_rooms, serial_shops,
          nicolae_shop_waterfront, minivault_5, minmay_shop_grove
Vaults:1: nicolae_vaults_little_squares_6, vaults_dpeg_diagonal, v_misc_28,
          hangedman_vaults_restitches, nicolae_vaults_twisting_passages,
          hangedman_vaults_stream, vaults_room_corners,
          nicolae_vaults_circle_grid_b, nicolae_vaults_storage_room_water,
          nicolae_vaults_what_the_h, nicolae_vaults_trapezoid_lopsided_2,
          layout_vaults_maze_snakey, serial_shops, bzr_entry_gold,
          nicolae_shop_tiny_waterfront, shop, nicolae_shop_statue_plus,
          shop_fountains
Vaults:2: minmay_crypt_entry_skeletal_spiral, hangedman_vaults_nails, v_misc_1,
          dpeg_vaults_monster_box, nicolae_vaults_three_branches,
          nicolae_vaults_gold_heap, layout_vaults_omnigrid, uniq_boris
Vaults:3: ontoclasm_vaults_ring_small, nicolae_vaults_little_squares_6,
          nicolae_vaults_trapezoid_layered, nicolae_vaults_closet_pinwheel_4,
          nicolae_vaults_storage_closets_1, nicolae_vaults_apartment_2,
          ontoclasm_vaults_spin, grunt_vaults_hallway_short,
          dpeg_vaults_monster_row, layout_vaults_omnicross
Vaults:4: nicolae_vaults_tetromino_Z_2, grunt_vaults_focal,
          nicolae_vaults_trapezoid_lopsided_3, v_misc_1,
          nicolae_vaults_trapezoid_lopsided_1, nicolae_vaults_double_plus_1,
          hangedman_vaults_variations, nicolae_vaults_wine_cellar, v_misc_25,
          v_misc_8, nicolae_vaults_tetromino_L_2, nicolae_vaults_heist,
          vaults_room_hallway, vaults_room_fours, layout_vaults_omnibox
Vaults:5: serial_shops, uniq_mara, uniq_xtahua
Crypt:1:  layout_basic, ebering_ghost_rock_garden, grunt_crypt_arrival_webbed
Crypt:2:  layout_chaotic_city, minivault_4, grunt_megastairs_5, uniq_mennas,
          uniq_margery, uniq_frederick, uniq_grunn
Crypt:3:  evilmike_haunted_forest, uniq_jory
Depths:1: dreamdust_hydra_shepherd, layout_twisted_cross,
          ebering_ghost_disaster_area, grunt_hell_entry_demonic_statue,
          minmay_the_grid_square_5x5_3x3_mashed
          [minmay_the_grid_square_5x5_shuriken,
          minmay_the_grid_square_5x5_inner_v,
          minmay_the_grid_square_5x5_beaten_path,
          minmay_the_grid_square_5x5_checkered_sparse,
          minmay_the_grid_square_5x5_megaprize_hollow,
          minmay_the_grid_square_5x5_gyroscope, minmay_the_grid_square_5x5_six,
          minmay_the_grid_square_5x5_minimal, minmay_the_grid_square_5x5_comb]
Depths:2: minmay_strange_plus, layout_honeycomb, enter_ziggurat_b, hell_entry,
          rand_demon_pan_entry_3, kennysheep_crisscross
Depths:3: regret_index_qazlal_generations, layout_basic, hell_entry,
          abyss_entry_flame_altar, uniq_josephina
Depths:4: grunt_zot_entry_funnels, layout_cave_pools, hangedman_coc_ice_floe,
          grunt_pan_entry_in_and_out, tso_altar, enter_trove_2, st_stairs_5
Pan:      evilmike_mini_pan_corner, layout_chambers, nicolae_pan_cerebovesque_2,
          rand_demon_6, layout_stronghold, pan_blood_fountain_small,
          rand_demon_5, layout_gridville, nicolae_pan_giant_door, layout_rooms,
          nicolae_pan_gloorx_vloqian_4, evilmike_mini_pan_corner,
          layout_irregular_city, grunt_pan_frozen_over, layout_chambers,
          evilmike_mini_pan_other_thingy, layout_chambers,
          gammafunk_dig_for_victory, layout_gridlike, pan_blood_fountain,
          regret_index_pan_draining_boxed, layout_long_grid,
          lemuel_hellion_island, layout_grid_shapes, nicolae_pan_door_chamber,
          layout_gridlike, nicolae_pan_mnolegish_1, rand_demon_2,
          layout_gridlike, nicolae_pan_mnolegish_5, evilmike_mini_pan_T,
          layout_gridlike, nicolae_pan_sick_transit, gloorx_vloq_st,
          layout_gridville, pan_blood_fountain_small, nicolae_pan_sigil_obb,
          evilmike_mini_pan_3x3, layout_cross, pan_blood_fountain_small,
          nicolae_pan_mnolegish_1, pan_disco_hall, layout_small_grid

Skill      XL: |  1  2  3  4  5  6  7  8  9 10 11 12 13 14 15 16 17 18 19 20 21 22 23 24 25 26 27 |
---------------+----------------------------------------------------------------------------------+-----
Fighting       | 2 3 4 5 7 8 9 10 11 12 14 15 16 17 19 20 21 27 | 27.0
Dodging        | 3 4 5 7 8 9 11 12 14 15 16 17 19 20 21 27 | 27.0
Unarmed Combat | 4 5 6 7 8 10 11 13 14 15 16 17 18 19 20 21 27 | 27.0
Shapeshifting  | 4 5 7 8 9 10 12 16 18 19 20 21 23 25 27 | 27.0
Conjurations   | 1 3 |  3.1
Stealth        | 4 |  4.2
Air Magic      | 4 |  4.1
Spellcasting   | 2 |  2.5
Invocations    | |  0.4

Action                     |  1- 3 |  4- 6 |  7- 9 | 10-12 | 13-15 | 16-18 | 19-21 | 22-24 | 25-27 || total
---------------------------+-------+-------+-------+-------+-------+-------+-------+-------+-------++-------
  Melee: Unarmed           |    52 |   116 |   233 |   568 |   814 |   811 |  1027 |   757 |  2274 ||  6652
         Tentacles         |    13 |    13 |    65 |   174 |   149 |       |       |       |       ||   414
         Constrict         |    16 |    22 |    43 |    97 |    51 |       |       |       |       ||   229
         Punch             |       |     2 |    16 |    23 |    34 |    64 |   124 |    88 |   386 ||   737
         Tailslap          |       |       |       |       |    66 |   125 |   188 |     6 |       ||   385
         Bite              |       |       |       |       |    50 |   103 |   136 |     4 |       ||   293
 Invoke: Serpent's Lash    |       |       |       |     1 |     1 |     1 |       |       |       ||     3
         Heavenly Storm    |       |       |       |       |     1 |     3 |       |       |       ||     4
Ability: Lunge             |       |       |       |    16 |    58 |    80 |    69 |       |       ||   223
         Whirlwind         |       |       |       |   174 |   134 |   172 |    51 |       |       ||   531
         Wall Jump         |       |       |       |     1 |       |       |       |       |       ||     1
         Breathe Fire      |       |       |       |       |     4 |     1 |     1 |       |       ||     6
         Blinkbolt         |       |       |       |       |       |       |       |     6 |    12 ||    18
  Evoke: Wand              |       |       |       |     8 |     4 |     3 |       |       |     5 ||    20
         Phantom mirror    |       |       |       |       |       |       |       |     1 |       ||     1
         Condenser vane    |       |       |       |       |       |       |       |     1 |       ||     1
    Use: Scroll            |       |     2 |     3 |    13 |    10 |     6 |     8 |     5 |     6 ||    53
         Potion            |       |     1 |     6 |     1 |       |     4 |     4 |     8 |    13 ||    37
   Stab: Sleeping          |     3 |     4 |     6 |     9 |     4 |     7 |     7 |     9 |     5 ||    54
         Paralysed         |       |       |     5 |       |       |       |       |       |       ||     5
         Invisible         |       |       |     1 |       |       |       |       |       |    10 ||    11
         Distracted        |       |       |       |     1 |     4 |     5 |     5 |    14 |    52 ||    81
         Betrayed ally     |       |       |       |     1 |       |       |       |       |       ||     1
         Petrifying        |       |       |       |       |     3 |       |       |       |       ||     3
         Petrified         |       |       |       |       |     2 |       |       |       |       ||     2
         Confused          |       |       |       |       |       |       |     3 |     1 |     1 ||     5
 Armour: Skin              |    11 |    53 |    92 |    98 |   196 |   270 |   278 |   103 |   328 ||  1429
  Dodge: Dodged            |    24 |    87 |   223 |   595 |   979 |   730 |  1094 |  1213 |  3722 ||  8667
   Form: Flux              |       |       |       |     1 |       |       |       |       |       ||     1
         Dragon            |       |       |       |       |     1 |       |     1 |       |       ||     2
         Storm             |       |       |       |       |       |       |     1 |     1 |       ||     2

Table legend: (Time is in decaauts)
 A = Elapsed time spent in this place.
 B = Non-inter-level travel time spent in this place.
 C = Inter-level travel time spent in this place.
 D = Time resting spent in this place.
 E = Time spent auto-exploring this place.
 F = Levels seen in this place.
 G = Mean time per level.
                   A        B        C        D        E       F      G
               +--------+--------+--------+--------+--------+-----+--------+
         Total |  98048 |  86635 |  11413 |  11862 |  54966 |  70 | 1400.7 |
       Dungeon |  17759 |  14593 |   3166 |    984 |  11142 |  15 | 1183.9 |
        Temple |      1 |      0 |      1 |      0 |      0 |   1 |    1.0 |
          Lair |   6866 |   5341 |   1525 |    858 |   3176 |   5 | 1373.2 |
         Swamp |   2413 |   2196 |    217 |      0 |   1762 |   4 |  603.2 |
     Snake Pit |   4928 |   4552 |    376 |    446 |   3201 |   4 | 1232.0 |
  Orcish Mines |   1239 |   1079 |    160 |      0 |    870 |   2 |  619.5 |
   Elven Halls |   5718 |   4679 |   1039 |   1605 |   1820 |   3 | 1906.0 |
        Vaults |  12807 |  10672 |   2135 |   3791 |   5343 |   5 | 2561.4 |
         Crypt |   7160 |   5518 |   1642 |    638 |   3344 |   3 | 2386.7 |
        Depths |   8363 |   7215 |   1148 |    813 |   5350 |   4 | 2090.8 |
         Abyss |   4067 |   4067 |      0 |    269 |   1733 |   5 |  813.4 |
   Pandemonium |  25442 |  25442 |      0 |   1827 |  17188 |  16 | 1590.1 |
        Bazaar |    759 |    759 |      0 |    629 |      0 |   1 |  759.0 |
         Trove |     92 |     92 |      0 |      0 |      0 |   1 |   92.0 |
      Gauntlet |    426 |    426 |      0 |      0 |     36 |   1 |  426.0 |
               +--------+--------+--------+--------+--------+-----+--------+

Top non-repeatable levels by time:
Vaults:1: 4369 daAuts
 Abyss:3: 4067 daAuts
 Crypt:3: 3321 daAuts
Depths:3: 2597 daAuts
Vaults:5: 2505 daAuts
   Elf:2: 2348 daAuts
 Crypt:2: 2243 daAuts
Vaults:3: 2122 daAuts
  Lair:4: 2117 daAuts
Depths:2: 2072 daAuts
Vaults:4: 2031 daAuts
 Snake:3: 2009 daAuts
Depths:4: 1944 daAuts
     D:8: 1782 daAuts
Vaults:2: 1779 daAuts
